 Dungeon Crawl Stone Soup version 0.26.1-11-gd32895ea62 (webtiles) character file.

Game seed: 11465133429671194261

851 Descartes the Chucker (level 7, 0/62 HPs)
             Began as a Troll Hunter on Apr 19, 2021.
             Slain by a troll (9 damage)
             ... on level 5 of the Dungeon.
             The game lasted 00:06:57 (3285 turns).

Descartes the Chucker (Troll Hunter)                Turns: 3285, Time: 00:06:57

Health: 0/62       AC:  6    Str: 21    XL:     7   Next: 69%
Magic:  6/6        EV: 11    Int:  7    God:
Gold:   260        SH:  0    Dex: 12    Spells: 6/6 levels left

rFire    . . .     SeeInvis .     - Unarmed
rCold    . . .     Faith    .   (no shield)
rNeg     . . .     Spirit   .   b - +0 robe
rPois    .         Reflect  .   (helmet restricted)
rElec    .         Harm     .   (no cloak)
rCorr    .         Rampage  .   (gloves unavailable)
Will     .....                  (boots unavailable)
Stlth    +.........             (no amulet)
HPRegen  0.60/turn              (no ring)
MPRegen  0.10/turn              (no ring)

@: no status effects
A: large, unfitting armour, claws 3, regeneration 1, shaggy fur 1, tough skin 3
a: no special abilities


You were on level 5 of the Dungeon.
You visited 1 branch of the dungeon, and saw 5 of its levels.

You collected 260 gold pieces.

Inventory:

Missiles
 c - 5 large rocks
 d - 4 throwing nets
 f - 6 atropa-tipped darts (quivered)
 g - 180 stones
 j - 48 arrows
 k - 75 bolts
 t - 9 poisoned darts
 w - 16 sling bullets
Armour
 b - a +0 robe (worn)
Jewellery
 q - an uncursed ring of see invisible {unknown}
 s - a +4 ring of protection {unknown}
Scrolls
 a - a scroll of enchant armour {unknown}
 h - a scroll of random uselessness {unknown}
 i - 9 scrolls of identify {unknown}
 n - 5 scrolls of remove curse {unknown}
 p - a scroll of amnesia {unknown}
 r - a scroll of blinking {unknown}
 x - a scroll of noise {unknown}
Potions
 e - 2 potions of haste {unknown}
 l - 3 potions of might {unknown}
 m - 2 potions of heal wounds {unknown}
 o - 2 potions of degeneration {unknown}
 u - a potion of curing {unknown}
 v - a potion of lignification {unknown}


   Skills:
 - Level 1.5 Fighting
 + Level 5.8 Throwing
 + Level 4.5 Dodging
 - Level 0.3 Stealth
 + Level 4.7 Unarmed Combat


You had 6 spell levels left.
You didn't know any spells.
Your spell library was empty.

Dungeon Overview and Level Annotations

Branches:
Dungeon (5/15)             Temple (0/1) D:4

Altars:
Ashenzari
Elyvilon
Qazlal
Zin


Innate Abilities, Weirdness & Mutations

You are too large for most types of armour.
You have claws for hands.
Your natural rate of healing is unusually fast.
You are covered in fur. (AC +1)
You have extremely tough skin. (AC +3)


Message History

The troll bites you! The troll misses you. The troll claws you.
You are too injured to fight recklessly!
You are too injured to fight recklessly!
You are too injured to fight recklessly!
You are too injured to fight recklessly!
You are too injured to fight recklessly!
You scratch the troll.
The troll is moderately wounded.
The troll misses you. The troll claws you. The troll claws you!
You barely miss the troll.
The troll is moderately wounded.
The troll bites you!
* * * LOW HITPOINT WARNING * * *
The troll closely misses you. x2
You scratch the troll.
The troll is moderately wounded.
The troll bites you.
* * * LOW HITPOINT WARNING * * *
The troll claws you!
You die...

.. ##### #.#.# #...#
#.#.####.#[#
#.#.##.....# ###
#>#.##<##.##....
#.#.###.......#
######.#.......###.#
.....?......>#...#
####.@.......#.#
......T###...###.#
....:.. #...# #
....... #...#
....$.? #.....
...$... #...###
....... ##..#
##+####


You could see a troll.

Vanquished Creatures
  Eustachio (D:4)
  2 ogres
  2 scorpions
  A gnoll shaman (D:3)
  2 jellies (D:4)
  Jessica (D:2)
  4 worker ants
  6 gnolls
  5 adders
  8 oozes (D:4)
  A worm (D:3)
  2 dart slugs
  2 leopard geckos (D:3)
  3 orcs
  7 bats
  4 giant cockroaches
  8 goblins
  9 hobgoblins
  8 jackals
  14 kobolds
  2 quokkas
  7 frilled lizards
  A leopard gecko skeleton (D:4)
  3 rats
103 creatures vanquished.

Vanquished Creatures (others)
  A bat (D:3)
  6 fungi (D:4)
  9 toadstools (D:4)
16 creatures vanquished.

Grand Total: 119 creatures vanquished

Notes
Turn   | Place    | Note
-------+----------+-------------------------------------------
     0 | D:1      | Descartes the Troll Hunter began the quest for the Orb.
     0 | D:1      | Reached XP level 1. HP: 19/19 MP: 0/0
   180 | D:1      | Reached XP level 2. HP: 27/27 MP: 1/1
   292 | D:1      | Reached skill level 1 in Unarmed Combat
   744 | D:2      | Reached XP level 3. HP: 29/33 MP: 2/2
   783 | D:2      | Reached skill level 4 in Throwing
   945 | D:2      | Found a broken altar of Ashenzari.
   958 | D:2      | Noticed Jessica
  1002 | D:2      | Killed Jessica
  1003 | D:2      | Reached XP level 4. HP: 41/41 MP: 3/3
  1094 | D:2      | Found a glowing silver altar of Zin.
  1628 | D:3      | Reached XP level 5. HP: 48/48 MP: 4/4
  2263 | D:4      | Noticed Eustachio
  2265 | D:4      | Noticed an ogre
  2384 | D:4      | Found a staircase to the Ecumenical Temple.
  2394 | D:4      | Found a stormy altar of Qazlal.
  2496 | D:3      | Reached XP level 6. HP: 52/55 MP: 5/5
  2602 | D:3      | Reached skill level 5 in Throwing
  2628 | D:4      | Killed Eustachio
  2629 | D:4      | Reached XP level 7. HP: 57/62 MP: 6/6
  2745 | D:4      | Found a white marble altar of Elyvilon.
  3259 | D:5      | Entered Level 5 of the Dungeon
  3277 | D:5      | Noticed a troll
  3285 | D:5      | Slain by a troll

Illustrated notes

Levels and vault maps discovered:
D:1:      giann_horns, layout_basic, chequers_jeans
D:2:      layout_rooms, lemuel_round_altar, nicolae_ashenzari_panopticon,
          uniq_jessica
D:3:      layout_basic
D:4:      cheibrodos_fertilizer, layout_cave_pools, general_overflow_altar,
          grunt_qazlal_clouds, minmay_temple_entry_mini_moons, uniq_eustachio
D:5:      layout_basic, hellmonk_ghost_happy_afterlife

Skill      XL: |  1  2  3  4  5  6 |
---------------+-------------------+-----
Unarmed Combat | 1 2 3 4 |  4.7
Dodging        | 2 3 4 |  4.5
Throwing       | 4 5 |  5.8
Fighting       | |  1.5
Stealth        | |  0.3

Action                   |  1- 3 |  4- 6 |  7- 9 || total
-------------------------+-------+-------+-------++-------
Melee: Unarmed           |   101 |   153 |    72 ||   326
       Punch             |       |     3 |     1 ||     4
Throw: Dart              |       |     3 |       ||     3
       Large rock        |       |     1 |       ||     1
 Stab: Sleeping          |       |       |     2 ||     2
Armor: Robe              |    54 |    88 |    28 ||   170
Dodge: Dodged            |    72 |   120 |    46 ||   238
